 Dungeon Crawl Stone Soup version 0.26-a0-651-gb41185065b (webtiles) character file.

Game seed: 6534122947123352948

3171 Lanoc the Charlatan (level 9, -3/88 HPs)
             Began as a Troll Artificer on Oct 26, 2020.
             Was an Initiate of Gozag.
             Killed from afar by Psyche (13 damage)
             ... with a puff of frost
             ... on level 8 of the Dungeon.
             The game lasted 00:13:25 (7543 turns).

Lanoc the Charlatan (Troll Artificer)               Turns: 7543, Time: 00:13:26

Health: -3/88      AC:  7    Str: 22    XL:     9   Next: 63%
Magic:  8/8        EV: 12    Int:  7    God:    Gozag
Gold:   1333       SH:  0    Dex: 13    Spells: 8/8 levels left

rFire    . . .     SeeInvis .   (no weapon)
rCold    . . .     Faith    .   (no shield)
rNeg     . . .     Spirit   .   b - +1 robe
rPois    .         Reflect  .   (helmet restricted)
rElec    .         Harm     .   n - scarf {+Inv}
rCorr    .         Rampage  .   (gloves unavailable)
MR       .....                  (boots unavailable)
Stlth    +.........             (no amulet)
HPRegen  0.64/turn              (no ring)
MPRegen  0.11/turn              (no ring)

@: lightly drained
A: large, unfitting armour, claws 3, regeneration 1, shaggy fur 1, tough skin 3
a: Potion Petition, Call Merchant, Bribe Branch, Renounce Religion, Evoke
Invisibility


You were on level 8 of the Dungeon.
You worshipped Gozag.
Gozag was most pleased with you.
You visited 2 branches of the dungeon, and saw 9 of its levels.
You also visited: Ossuary.

You collected 1439 gold pieces.
You paid 106 gold pieces to Gozag.

Inventory:

Missiles
 x - 2 atropa-tipped darts (quivered)
Armour
 b - a +1 robe (worn)
 n - a scarf of invisibility (worn)
 u - a +2 kite shield of protection
Wands
 c - a wand of flame (12)
 d - a wand of enslavement (7)
 e - a wand of random effects (9)
 h - a wand of iceblast (4)
 p - a wand of polymorph (10)
 t - a wand of acid (11)
Scrolls
 f - 4 scrolls of enchant weapon
 g - 5 scrolls of teleportation
 j - a scroll of enchant armour
 k - a scroll of blinking
 l - 5 scrolls of identify
 o - 2 scrolls of immolation
 q - 4 scrolls of remove curse
 s - a scroll of fog {unknown}
 y - a scroll of amnesia
Potions
 i - 2 potions of lignification
 m - a potion of invisibility
 r - 2 potions of degeneration {unknown}
 v - 2 potions of heal wounds
 w - a potion of magic {unknown}
 z - a potion of mutation
 A - 3 potions of might


   Skills:
 + Level 5.6(5.1) Fighting
 + Level 5.9(5.5) Dodging
 - Level 0.3(0.0) Stealth
 * Level 7.8(7.3) Evocations


You had 8 spell levels left.
You didn't know any spells.
Your spell library was empty.

Dungeon Overview and Level Annotations

Branches:
Dungeon (8/15)             Temple (1/1) D:5            Lair (0/6) D:8
Ossuary (visited)

Altars:
Ashenzari
Cheibriados
Dithmenos
Elyvilon
Fedhas
Gozag
Hepliaklqana
Kikubaaqudgha
Makhleb
Nemelex Xobeh
Okawaru
Ru
Sif Muna
Trog
Uskayaw
Vehumet
Wu Jian
Xom
Yredelemnul
Zin
The Shining One

Annotations:
D:8 Psyche


Innate Abilities, Weirdness & Mutations

You are too large for most types of armour.
You have claws for hands.
Your natural rate of healing is unusually fast.
You are covered in fur. (AC +1)
You have extremely tough skin. (AC +3)


Message History

You hear some strange, mumbled words.
A puff of frost appears from out of thin air!
The puff of frost hits you.
* * * LOW HITPOINT WARNING * * *
You scratch something but do no damage.
You feel sick. Something hits you but does no damage.
You are electrocuted!
* * * LOW HITPOINT WARNING * * *
You feel better.
You hear some strange, mumbled words.
A puff of frost appears from out of thin air!
The puff of frost hits you!
* * * LOW HITPOINT WARNING * * *
You closely miss something. Something hits you but does no damage.
You hear some strange, mumbled words.
You scratch something.
You hear some strange, mumbled words.
A puff of frost appears from out of thin air!
The puff of frost hits you!
You die...
Your body crumbles into a pile of gold.

##################..
...................
######.........# #
#.###.#.#.###
#....###....#
######).##.#.#.#.#
.....#..# #.##.#@#
####.#..# #.##.#{#
#.#..# # ......
#.#..######..###
#.#..........#
####.##.### ###.#
..........# #.#
#########.# #. .#
#.#


There were no monsters in sight!

Vanquished Creatures
  2 orc warriors
  Edmund (D:6)
  Duvessa (D:5)
  A sky beast (D:6)
  2 phantoms
  4 centaurs
  Blork the orc (D:6)
  3 bullfrogs
  Dowan (D:5)
  A scorpion (D:6)
  2 killer bees (D:7)
  The ghost of p0werm0de the Skirmisher, a weakling DgFi (D:4)
  2 howler monkeys
  A bullfrog zombie (D:5)
  4 hounds
  A jelly (D:6)
  A centaur skeleton (D:6)
  3 iron imps (D:6)
  5 orc wizards
  2 iguanas (D:4)
  7 worker ants
  2 big kobold zombies (Ossuary)
  A mummy (Ossuary)
  A worker ant zombie (D:6)
  2 howler monkey skeletons
  8 gnolls
  12 adders
  4 shadow imps
  A white imp (D:5)
  2 oozes
  2 adder skeletons
  3 worms
  5 leopard geckos
  23 orcs
  2 spectral bats (Ossuary)
  A ball python (D:2)
  7 bats
  4 giant cockroaches
  10 gnoll zombies (Ossuary)
  2 goblins
  4 hobgoblins (D:2)
  2 quokkas (D:7)
  3 ball python skeletons
  4 bat simulacra (Ossuary)
  3 frilled lizards (D:3)
  5 goblin simulacra (Ossuary)
  3 goblin zombies (Ossuary)
  4 hobgoblin zombies (Ossuary)
  A jackal zombie (D:5)
  2 kobolds
  3 kobold simulacra (Ossuary)
  9 kobold zombies
  A leopard gecko skeleton (D:6)
  3 orc zombies (Ossuary)
  A quokka skeleton (D:5)
  5 rats
  2 rat simulacra (Ossuary)
  4 spectral goblins (Ossuary)
  2 spectral kobolds (Ossuary)
  7 spectral rats (Ossuary)
206 creatures vanquished.

Vanquished Creatures (collateral kills)
  2 black bears (D:8)
  A porcupine (D:8)
  A killer bee (D:7)
  A phantom (D:8)
  A bullfrog (D:8)
  An orc wizard (D:6)
  A centaur skeleton (D:6)
  A mummy (D:6)
  An ooze (D:6)
  3 orcs
  3 jackals (D:6)
  A goblin zombie (D:6)
17 creatures vanquished.

Vanquished Creatures (others)
  A porcupine (D:8)
  A black bear (D:8)
  A bullfrog (D:6)
  A killer bee (D:7)
  An orc wizard (D:6)
  An orc (D:8)
  31 fungi (D:8)
  25 plants (D:8)
62 creatures vanquished.

Grand Total: 285 creatures vanquished

Notes
Turn   | Place    | Note
-------+----------+-------------------------------------------
     0 | D:1      | Lanoc the Troll Artificer began the quest for the Orb.
     0 | D:1      | Reached XP level 1. HP: 18/18 MP: 0/0
   144 | D:2      | Reached skill level 1 in Fighting
   144 | D:2      | Reached XP level 2. HP: 27/27 MP: 1/1
   164 | D:2      | Found a faded altar of an unknown god.
   170 | D:2      | Became a worshipper of the Shining One
   170 | D:2      | Reached * piety under the Shining One
   287 | D:2      | Reached XP level 3. HP: 24/33 MP: 2/2
   341 | D:2      | Found a shadowy altar of Dithmenos.
   523 | D:2      | Reached skill level 3 in Evocations
   607 | D:2      | Reached XP level 4. HP: 41/41 MP: 3/3
   820 | D:3      | Found a hazy altar of Hepliaklqana.
   836 | D:3      | Found an ornate altar of the Wu Jian Council.
   837 | D:3      | Found a white marble altar of Elyvilon.
  1044 | D:3      | Reached ** piety under the Shining One
  1311 | D:4      | Reached XP level 5. HP: 48/49 MP: 4/4
  1520 | D:4      | Found a broken altar of Ashenzari.
  1731 | D:4      | Found a large runed translucent door.
  1731 | D:4      | Found a large runed translucent door.
  1747 | D:4      | Noticed p0werm0de's ghost (weakling DgFi)
  2039 | D:4      | Reached skill level 4 in Evocations
  2039 | D:4      | Reached XP level 6. HP: 53/59 MP: 5/5
  2365 | D:4      | Killed p0werm0de's ghost
  2393 | D:5      | Entered Level 5 of the Dungeon
  2458 | D:5      | Found a staircase to the Ecumenical Temple.
  2508 | Temple   | Entered the Ecumenical Temple
  2751 | Temple   | Fell from the grace of the Shining One
  2751 | Temple   | Became a worshipper of Gozag Ym Sagoz the Greedy
  2894 | D:5      | Reached XP level 7. HP: 39/67 MP: 6/6
  3296 | D:5      | Got a scorched dagger
  3296 | D:5      | Identified the +2 dagger "Binniabb" {speed, rPois Int+4}
                  | (You found it on level 5 of the Dungeon)
  3411 | D:5      | Noticed Duvessa
  3415 | D:5      | Noticed Dowan
  3451 | D:5      | Killed Duvessa
  3451 | D:5      | Reached skill level 5 in Evocations
  3457 | D:5      | Killed Dowan
  3809 | D:6      | Found a burning altar of Makhleb.
  3897 | D:6      | Noticed Edmund
  3929 | D:6      | Killed Edmund
  3929 | D:6      | Reached XP level 8. HP: 24/78 MP: 7/7
  3976 | D:6      | Found a blossoming altar of Fedhas.
  3978 | D:6      | Found a bloodstained altar of Trog.
  4169 | D:6      | Found a sand-covered staircase.
  4179 | Ossuary  | Entered an ossuary
  4338 | Ossuary  | Reached skill level 6 in Evocations
  4988 | D:6      | Reached skill level 5 in Dodging
  5449 | D:6      | Noticed Blork the orc
  5460 | D:6      | Killed Blork the orc
  5460 | D:6      | Reached XP level 9. HP: 72/87 MP: 8/8
  5841 | D:7      | Reached skill level 5 in Fighting
  5841 | D:7      | Reached skill level 7 in Evocations
  7412 | D:8      | Found a staircase to the Lair.
  7516 | D:8      | Noticed Psyche
  7543 | D:8      | Killed from afar by Psyche

Illustrated notes

Levels and vault maps discovered:
D:1:      dpeg_arrival_water_fire, layout_basic
D:2:      layout_loops_ring, grunt_dithmenos_smoke_and_mirrors,
          chequers_ecumenical_altar_simple
D:3:      layout_rooms, gammafunk_temple_overflow_forgotten,
          chequers_serial_rivers_large_b, kennysheep_small_spiral
D:4:      layout_layer_cave, kennysheep_little_box, ebering_ghost_disaster_area
D:5:      layout_loops_ring, minmay_temple_entry_waves, uniq_duvessa
D:6:      layout_basic, demons_altar,
          chequers_temple_overflow_statue_of_worship,
          nicolae_ossuary_entry_giza, uniq_edmund, uniq_blork_the_orc
D:7:      layout_layer_cave
D:8:      layout_loops_ring, due_lair_maze_entry_diamond, minmay_fountain_box,
          uniq_psyche, uniq_maurice
Temple:   oiseaux_autumnal_temple

Skill      XL: |  1  2  3  4  5  6  7  8  9 |
---------------+----------------------------+-----
Dodging        | 2 3 4 5 |  5.9
Fighting       | 1 2 3 4 5 |  5.6
Evocations     | 3 4 5 6 7 |  7.8
Stealth        | |  0.3

Action                   |  1- 3 |  4- 6 |  7- 9 || total
-------------------------+-------+-------+-------++-------
Melee: Unarmed           |    57 |   204 |   668 ||   929
       Dagger            |       |       |    17 ||    17
Evoke: Wand              |       |     1 |    28 ||    29
  Use: Potion            |       |     3 |     8 ||    11
       Scroll            |       |       |    11 ||    11
 Stab: Distracted        |       |     1 |       ||     1
       Sleeping          |       |       |     5 ||     5
       Invisible         |       |       |     1 ||     1
Armor: Robe              |    13 |    44 |   196 ||   253
Dodge: Dodged            |    34 |   100 |   407 ||   541

Table legend: (Time is in decaauts)
 A = Elapsed time spent in this place.
 B = Non-inter-level travel time spent in this place.
 C = Inter-level travel time spent in this place.
 D = Time resting spent in this place.
 E = Time spent auto-exploring this place.
 F = Levels seen in this place.
 G = Mean time per level.
                   A        B        C        D        E       F      G
               +--------+--------+--------+--------+--------+-----+--------+
         Total |   7569 |   7371 |    198 |      0 |   5350 |  10 |  756.9 |
       Dungeon |   6650 |   6482 |    168 |      0 |   4775 |   8 |  831.2 |
        Temple |    273 |    243 |     30 |      0 |    240 |   1 |  273.0 |
       Ossuary |    645 |    645 |      0 |      0 |    335 |   1 |  645.0 |
               +--------+--------+--------+--------+--------+-----+--------+

Top non-repeatable levels by time:
     D:7: 1717 daAuts
     D:6: 1274 daAuts
     D:4: 1148 daAuts
     D:5: 1045 daAuts
 Ossuary: 645 daAuts
     D:3: 627 daAuts
     D:2: 519 daAuts
  Temple: 273 daAuts
     D:8: 197 daAuts
     D:1: 120 daAuts
